APP
SAN DIEGO (APP) PADRES @ PHILADELPHIA (APP) PHILLIES
09/06/2044
 
TOP OF THE 1ST
San Diego (APP) Padres batting - Pitching for Philadelphia (APP) Phillies : RHP Chad Capaldi
Pitching: RHP Chad Capaldi
Batting: RHB Ryan Tatum 0-0: Called Strike
0-1: Ball
1-1: Ball
2-1: Foul Ball, location: 2F
2-2: Ball
3-2: Base on Balls
Batting: RHB Aaron Joseph 0-0: Ball
1-0: Called Strike
1-1: DOUBLE (Flyball, 8RXD, EV 105.0 MPH)
Ryan Tatum to third
Batting: LHB Carlos Cuellar 0-0: Called Strike
0-1: Called Strike
0-2: Strikes out swinging
Batting: RHB Tom Tate 0-0: Called Strike
0-1: Ground out 5-3 (Groundball, 5, EV 83.8 MPH)
Batting: LHB Hugo MacBeth 0-0: Called Strike
0-1: Ball
1-1: DOUBLE (Groundball, 5L, EV 101.3 MPH)
Ryan Tatum scores
Aaron Joseph scores
Batting: LHB Ramon Padilla 0-0: Called Strike
0-1: Foul Ball, location: 2F
0-2: Foul Ball, location: 2F
0-2: Ball
1-2: Strikes out swinging
Top of the 1st over - 2 runs, 2 hits, 0 errors, 1 left on base; San Diego (APP) 2 - Philadelphia (APP) 0
BOTTOM OF THE 1ST
Philadelphia (APP) Phillies batting - Pitching for San Diego (APP) Padres : RHP Rogelio Nunez
Pitching: RHP Rogelio Nunez
Batting: LHB Alex Fernandez 0-0: Called Strike
0-1: Ball
1-1: Ground out U3 (Groundball, 3, EV 100.6 MPH)
Batting: RHB Mark Schultz 0-0: Ball
1-0: Swinging Strike
1-1: Ball
2-1: Swinging Strike
2-2: Strikes out swinging
Batting: RHB Kyle Reilly 0-0: Fly out, F7 (Flyball, 7LM, EV 88.1 MPH)
Bottom of the 1st over - 0 runs, 0 hits, 0 errors, 0 left on base; San Diego (APP) 2 - Philadelphia (APP) 0
TOP OF THE 2ND
San Diego (APP) Padres batting - Pitching for Philadelphia (APP) Phillies : RHP Chad Capaldi
Batting: RHB Max Stillo 0-0: Ball
1-0: Fly out, F4 (Popup, 3D, EV 68.8 MPH)
Batting: RHB Tyler West 0-0: Ball
1-0: Ball
2-0: Ball
3-0: Called Strike
3-1: Foul Ball, location: 2F
3-2: Base on Balls
Batting: RHB Brent Little 0-0: Foul Ball, location: 2F
0-1: Foul Ball, location: 2F
0-2: Foul Ball, location: 2F
0-2: Foul Ball, location: 2F
0-2: Foul Ball, location: 2F
0-2: Ball
1-2: Ball
2-2: Foul Ball, location: 2F
2-2: Fly out, F3 (Line Drive, 3, EV 71.9 MPH)
Lined into DP, U3 (Line Drive, 3, EV 76.9 MPH)
Top of the 2nd over - 0 runs, 0 hits, 0 errors, 0 left on base; San Diego (APP) 2 - Philadelphia (APP) 0
BOTTOM OF THE 2ND
Philadelphia (APP) Phillies batting - Pitching for San Diego (APP) Padres : RHP Rogelio Nunez
Batting: RHB Carlos Morejon 0-0: Ball
1-0: SINGLE (Flyball, 9, EV 79.4 MPH)
Batting: LHB Danny Zuniga 0-0: Foul Ball, location: 2F
0-1: SINGLE (Groundball, 6MD, EV 103.1 MPH)
Carlos Morejon to second
Batting: RHB Vaclav Been 0-0: Foul Ball, location: 2F
0-1: Fly out, F6 (Popup, 6MD, EV 53.8 MPH)
Batting: LHB Eric Farren 0-0: Ball
1-0: Swinging Strike
1-1: Ball
2-1: Called Strike
2-2: Strikes out looking
Batting: RHB Eduardo Calderon 0-0: Ball
1-0: Fly out, F8 (Flyball, 8RD, EV 96.9 MPH)
Bottom of the 2nd over - 0 runs, 2 hits, 0 errors, 2 left on base; San Diego (APP) 2 - Philadelphia (APP) 0
TOP OF THE 3RD
San Diego (APP) Padres batting - Pitching for Philadelphia (APP) Phillies : RHP Chad Capaldi
Batting: RHB Ryan Tatum 0-0: Ball
1-0: Ball
2-0: Ball
3-0: Called Strike
3-1: Called Strike
3-2: Ground out 6-3 (Groundball, 6, EV 95.0 MPH)
Batting: RHB Aaron Joseph 0-0: Foul Ball, location: 2F
0-1: SINGLE (Groundball, 5S, EV 70.6 MPH) (infield hit)
Batting: LHB Carlos Cuellar 0-0: Ball
1-0: Grounds into double play, 4-6-3 (Groundball, 34, EV 82.5 MPH)
Top of the 3rd over - 0 runs, 1 hit, 0 errors, 0 left on base; San Diego (APP) 2 - Philadelphia (APP) 0
BOTTOM OF THE 3RD
Philadelphia (APP) Phillies batting - Pitching for San Diego (APP) Padres : RHP Rogelio Nunez
Batting: LHB Jesse Haught 0-0: Swinging Strike
0-1: Foul Ball, location: 2F
0-2: Ball
1-2: Strikes out swinging
Batting: LHB Alex Fernandez 0-0: Ball
1-0: Ground out 4-3 (Groundball, 4, EV 92.5 MPH)
Batting: RHB Mark Schultz 0-0: Called Strike
0-1: Foul Ball, location: 2F
0-2: SINGLE (Groundball, 56, EV 106.3 MPH)
Batting: RHB Kyle Reilly 0-0: Ball
1-0: SINGLE (Groundball, 6MD, EV 97.5 MPH)
Mark Schultz to second
Runner from 2nd tries for 3rd, OUT! 8-5
Bottom of the 3rd over - 0 runs, 2 hits, 0 errors, 1 left on base; San Diego (APP) 2 - Philadelphia (APP) 0
TOP OF THE 4TH
San Diego (APP) Padres batting - Pitching for Philadelphia (APP) Phillies : RHP Chad Capaldi
Batting: RHB Tom Tate 0-0: Ball
1-0: Swinging Strike
1-1: Ball
2-1: Foul Ball, location: 2F
2-2: Ball
3-2: Foul Ball, location: 2F
3-2: Base on Balls
Batting: LHB Hugo MacBeth 0-0: Foul Ball, location: 2F
0-1: Fly out, F1 (Line Drive, P, EV 64.4 MPH)
Batting: LHB Ramon Padilla 0-0: Fly out, F8 (Line Drive, 8RD, EV 108.1 MPH)
Batting: RHB Max Stillo 0-0: Ball
1-0: Fielders Choice at 2nd, 5-4 (Groundball, 5L, EV 106.3 MPH)
Top of the 4th over - 0 runs, 0 hits, 0 errors, 1 left on base; San Diego (APP) 2 - Philadelphia (APP) 0
BOTTOM OF THE 4TH
Philadelphia (APP) Phillies batting - Pitching for San Diego (APP) Padres : RHP Rogelio Nunez
Batting: RHB Carlos Morejon 0-0: Swinging Strike
0-1: Called Strike
0-2: Ball
1-2: Ball
2-2: Reached on error, E6 (Groundball, 6, EV 98.8 MPH)
Batting: LHB Danny Zuniga 0-0: Foul Ball, location: 2F
0-1: Called Strike
0-2: Ball
1-2: Ball
2-2: Foul Ball, location: 2F
2-2: Fielders Choice at 2nd, 1-6 (Groundball, 13, EV 70.0 MPH)
Batting: RHB Vaclav Been 0-0: Swinging Strike
0-1: Ball
1-1: Ball
2-1: Ball
3-1: Called Strike
3-2: Foul Ball, location: 2F
3-2: Foul Ball, location: 2F
3-2: Foul Ball, location: 2F
3-2: Strikes out looking
Batting: LHB Eric Farren 0-0: Foul Ball, location: 2F
0-1: Ball
1-1: Ground out 3-1 (Groundball, 34, EV 101.9 MPH)
Bottom of the 4th over - 0 runs, 0 hits, 1 error, 1 left on base; San Diego (APP) 2 - Philadelphia (APP) 0
TOP OF THE 5TH
San Diego (APP) Padres batting - Pitching for Philadelphia (APP) Phillies : RHP Chad Capaldi
Batting: RHB Tyler West 0-0: Ball
1-0: Called Strike
1-1: Ball
2-1: Ball
3-1: Base on Balls
Batting: RHB Brent Little 0-0: Foul Ball, location: 2F
0-1: Ball
1-1: Swinging Strike
1-2: Foul Ball, location: 2F
1-2: Ball
2-2: Ball
Tyler West steals 2nd base
3-2: Foul Ball, location: 2F
3-2: Foul Ball, location: 2F
3-2: Strikes out swinging passed ball, reaches first!
Tyler West to third
Pitching: RHP Tony Trevino
Batting: RHB Ryan Tatum 0-0: Ball
1-0: Called Strike
1-1: Foul Ball, location: 2F
1-2: Strikes out swinging
Batting: RHB Aaron Joseph 0-0: Ball
1-0: Ball
2-0: Ball
3-0: Base on Balls
Brent Little to second
Batting: LHB Carlos Cuellar 0-0: Called Strike
0-1: Foul Ball, location: 2F
0-2: Foul Ball, location: 2F
0-2: Ball
1-2: SINGLE (Line Drive, 5D, EV 96.9 MPH)
Tyler West scores
Brent Little to third
Aaron Joseph to second
Batting: RHB Tom Tate 0-0: Ball
1-0: DOUBLE (Flyball, 78D, EV 99.4 MPH)
Brent Little scores
Aaron Joseph scores
Carlos Cuellar to third
Batting: LHB Hugo MacBeth 0-0: Ball
1-0: Ball
2-0: Ball
3-0: Base on Balls
Batting: LHB Ramon Padilla 0-0: Called Strike
0-1: Called Strike
0-2: Ball
1-2: Strikes out looking
Pitching: RHP Alex Florez
Batting: RHB Max Stillo 0-0: Ball
1-0: Ball
2-0: Called Strike
2-1: Called Strike
2-2: Strikes out swinging
Top of the 5th over - 3 runs, 2 hits, 0 errors, 3 left on base; San Diego (APP) 5 - Philadelphia (APP) 0
BOTTOM OF THE 5TH
Philadelphia (APP) Phillies batting - Pitching for San Diego (APP) Padres : RHP Rogelio Nunez
Batting: RHB Eduardo Calderon 0-0: Ground out 5-3 (Groundball, 56S, EV 74.4 MPH)
Batting: LHB Jesse Haught 0-0: Called Strike
0-1: Ball
1-1: Ball
2-1: Foul Ball, location: 2F
2-2: SINGLE (Flyball, 56D, EV 92.5 MPH)
Batting: LHB Alex Fernandez 0-0: Ball
1-0: DOUBLE (Line Drive, 89M, EV 87.5 MPH)
Jesse Haught to third
Batting: RHB Mark Schultz 0-0: Called Strike
0-1: Ball
Wild Pitch!
Jesse Haught scores
Alex Fernandez to third
1-1: Ground out 5-3 (Groundball, 56, EV 109.4 MPH)
Alex Fernandez scores
Batting: RHB Kyle Reilly 0-0: Ball
1-0: SINGLE (Flyball, 56D, EV 90.0 MPH)
Batting: RHB Carlos Morejon 0-0: Called Strike
0-1: Ball
1-1: Fielders Choice at 2nd, 5-4 (Groundball, 5, EV 86.3 MPH)
Bottom of the 5th over - 2 runs, 3 hits, 0 errors, 1 left on base; San Diego (APP) 5 - Philadelphia (APP) 2
TOP OF THE 6TH
San Diego (APP) Padres batting - Pitching for Philadelphia (APP) Phillies : RHP Alex Florez
Batting: RHB Tyler West 0-0: Called Strike
0-1: Ball
1-1: Called Strike
1-2: Ball
2-2: Foul Ball, location: 2F
2-2: Strikes out looking
Batting: RHB Brent Little 0-0: Called Strike
0-1: Called Strike
0-2: Ball
1-2: Foul Ball, location: 2F
1-2: Foul Ball, location: 2F
1-2: Foul Ball, location: 2F
1-2: Foul Ball, location: 2F
1-2: Strikes out swinging
Batting: RHB Ryan Tatum 0-0: Ball
1-0: Ball
2-0: Fly out, F8 (Flyball, 8RD, EV 102.5 MPH)
Top of the 6th over - 0 runs, 0 hits, 0 errors, 0 left on base; San Diego (APP) 5 - Philadelphia (APP) 2
BOTTOM OF THE 6TH
Philadelphia (APP) Phillies batting - Pitching for San Diego (APP) Padres : RHP Rogelio Nunez
Batting: LHB Danny Zuniga 0-0: Ball
1-0: Called Strike
1-1: Ball
2-1: SINGLE (Line Drive, 34, EV 100.6 MPH)
Batting: RHB Vaclav Been 0-0: Ball
1-0: Ball
2-0: Foul Ball, location: 2F
2-1: Foul Ball, location: 2F
2-2: DOUBLE (Line Drive, 89D, EV 108.8 MPH)
Danny Zuniga to third
Batting: LHB Eric Farren 0-0: Called Strike
0-1: Ball
1-1: Called Strike
1-2: Fly out, F5 (Flyball, 5D, EV 93.1 MPH)
Pitching: RHP Eric Busby
Batting: RHB Eduardo Calderon 0-0: Foul Ball, location: 2F
0-1: Ball
1-1: Fly out, F8 (Flyball, 8LD, EV 92.5 MPH)
Runner from 3rd tags up, SCORES, throw by CF
Vaclav Been to third
Batting: LHB Jesse Haught 0-0: Called Strike
0-1: Ball
1-1: Ball
2-1: Swinging Strike
2-2: Foul Ball, location: 2F
2-2: Strikes out swinging
Bottom of the 6th over - 1 run, 2 hits, 0 errors, 1 left on base; San Diego (APP) 5 - Philadelphia (APP) 3
TOP OF THE 7TH
San Diego (APP) Padres batting - Pitching for Philadelphia (APP) Phillies : RHP Alex Florez
Batting: RHB Aaron Joseph 0-0: Ball
1-0: Foul Ball, location: 2F
1-1: SINGLE (Groundball, 6MS, EV 66.3 MPH) (infield hit)
Batting: LHB Carlos Cuellar 0-0: Fielders Choice at 2nd, 6-4 (Groundball, 6M, EV 88.8 MPH)
Batting: RHB Tom Tate 0-0: 2-RUN HOME RUN (Line Drive, 7LD, EV 96.3 MPH), Distance : 343 ft
Batting: LHB Hugo MacBeth 0-0: Foul Ball, location: 2F
0-1: Ball
1-1: Ball
2-1: Foul Ball, location: 2F
2-2: Foul Ball, location: 2F
2-2: Strikes out swinging
Batting: LHB Ramon Padilla 0-0: SINGLE (Line Drive, 9S, EV 97.5 MPH)
Batting: RHB Max Stillo 0-0: Ball
1-0: Ball
2-0: Fly out, F8 (Flyball, 8RM, EV 88.1 MPH)
Top of the 7th over - 2 runs, 3 hits, 0 errors, 1 left on base; San Diego (APP) 7 - Philadelphia (APP) 3
BOTTOM OF THE 7TH
Philadelphia (APP) Phillies batting - Pitching for San Diego (APP) Padres : RHP Eric Busby
Batting: LHB Alex Fernandez 0-0: Called Strike
0-1: Fly out, F7 (Flyball, 7D, EV 73.1 MPH)
Batting: RHB Mark Schultz 0-0: Swinging Strike
0-1: Swinging Strike
0-2: Strikes out swinging
Batting: RHB Kyle Reilly 0-0: Foul Ball, location: 2F
0-1: Ball
1-1: Fly out, F4 (Line Drive, 4, EV 66.3 MPH)
Bottom of the 7th over - 0 runs, 0 hits, 0 errors, 0 left on base; San Diego (APP) 7 - Philadelphia (APP) 3
TOP OF THE 8TH
San Diego (APP) Padres batting - Pitching for Philadelphia (APP) Phillies : RHP Alex Florez
Pitching: LHP Ignacio Amaya
Batting: RHB Tyler West 0-0: Called Strike
0-1: Fly out, F9 (Flyball, 9, EV 82.5 MPH)
Batting: RHB Brent Little 0-0: Called Strike
0-1: Called Strike
0-2: Ball
1-2: Strikes out swinging
Batting: RHB Ryan Tatum 0-0: Ball
1-0: Ball
2-0: Called Strike
2-1: Swinging Strike
2-2: Strikes out swinging
Top of the 8th over - 0 runs, 0 hits, 0 errors, 0 left on base; San Diego (APP) 7 - Philadelphia (APP) 3
BOTTOM OF THE 8TH
Philadelphia (APP) Phillies batting - Pitching for San Diego (APP) Padres : RHP Eric Busby
Batting: RHB Carlos Morejon 0-0: Ball
1-0: Called Strike
1-1: Ball
2-1: Ball
3-1: Swinging Strike
3-2: Strikes out swinging
Batting: LHB Danny Zuniga 0-0: Called Strike
0-1: Foul Ball, location: 2F
0-2: Ball
1-2: Ball
2-2: Ground out U3 (Groundball, 34S, EV 88.1 MPH)
Batting: RHB Vaclav Been 0-0: Ball
1-0: Ball
2-0: Swinging Strike
2-1: Ball
3-1: Foul Ball, location: 2F
3-2: Ground out 6-3 (Groundball, 6, EV 87.5 MPH)
Bottom of the 8th over - 0 runs, 0 hits, 0 errors, 0 left on base; San Diego (APP) 7 - Philadelphia (APP) 3
TOP OF THE 9TH
San Diego (APP) Padres batting - Pitching for Philadelphia (APP) Phillies : LHP Ignacio Amaya
Pitching: RHP Lucas McPhillie
Batting: RHB Aaron Joseph 0-0: Called Strike
0-1: Called Strike
0-2: Foul Ball, location: 2F
0-2: Ground out 6-3 (Groundball, 6, EV 101.9 MPH)
Batting: LHB Carlos Cuellar 0-0: Called Strike
0-1: Swinging Strike
0-2: Strikes out swinging
Batting: RHB Tom Tate 0-0: Ground out 6-3 (Groundball, 6, EV 87.5 MPH)
Top of the 9th over - 0 runs, 0 hits, 0 errors, 0 left on base; San Diego (APP) 7 - Philadelphia (APP) 3
BOTTOM OF THE 9TH
Philadelphia (APP) Phillies batting - Pitching for San Diego (APP) Padres : RHP Eric Busby
Pitching: RHP Brian McDaniel
Batting: LHB Eric Farren 0-0: Ball
1-0: Called Strike
1-1: Foul Ball, location: 2F
1-2: Ball
2-2: Strikes out looking
Batting: RHB Eduardo Calderon 0-0: Ball
1-0: Swinging Strike
1-1: Called Strike
1-2: Ground out 3-1 (Groundball, 13, EV 91.9 MPH)
Batting: LHB Jesse Haught 0-0: Swinging Strike
0-1: Ball
1-1: Ball
2-1: Swinging Strike
2-2: Foul Ball, location: 2F
2-2: SINGLE (Line Drive, 7S, EV 89.4 MPH)
Batting: LHB Alex Fernandez 0-0: Called Strike
0-1: Ball
1-1: Ball
2-1: Ground out U3 (Groundball, 3, EV 84.4 MPH)
Bottom of the 9th over - 0 runs, 1 hit, 0 errors, 1 left on base; San Diego (APP) 7 - Philadelphia (APP) 3
Thursday, March 31st , 2022 - OOTP Baseball 22.12 Build 89